 Dungeon Crawl Stone Soup version 0.29.1-debian-1-gc3f1650bb9 (webtiles) character file.

Game seed: 62716569052315425

104 lampshaded the Conjurer (level 4, -1/24 HPs)
             Began as a Deep Elf Fire Elementalist on Sept 12, 2022.
             Slain by a goblin
             ... wielding a +0 dagger
             ... led by Robin
              (3 damage)
             ... on level 3 of the Dungeon.
             The game lasted 00:04:12 (2215 turns).

lampshaded the Conjurer (DEFE)                      Turns: 2215, Time: 00:04:13

Health: -1/24      AC:  3    Str:  5    XL:     4   Next: 52%
Magic:  2/10       EV: 12    Int: 22    God:
Gold:   91         SH:  0    Dex: 15    Spells: 6/9 levels left

rFire   . . .      SeeInvis .   (no weapon)
rCold   . . .      Faith    .   (no shield)
rNeg    . . .      Spirit   .   a - +0 robe
rPois   .          Reflect  .   (no helmet)
rElec   .          Harm     .   (no cloak)
rCorr   .          Rampage  .   (no gloves)
Will    .....                   n - +0 pair of boots
Stlth   ++........              (no amulet)
HPRegen 0.08/turn               (no ring)
MPRegen 0.12/turn               (no ring)

@: mighty, lethally poisoned (-1 -> -5), hasted, very quick
A: hooves 1, inability to drink after injury 1, devolution 1
a: no special abilities


You were on level 3 of the Dungeon.
You visited 1 branch of the dungeon, and saw 3 of its levels.

You collected 91 gold pieces.

Inventory:

Missiles
 j - a throwing net
Armour
 a - a +0 robe (worn)
 n - a +0 pair of boots (worn)
Scrolls
 d - a scroll of torment {unknown}
 e - a scroll of fear {unknown}
 f - 2 scrolls of teleportation {unknown}
 g - a scroll of enchant weapon {unknown}
 k - a scroll of amnesia {unknown}
 l - 2 scrolls of identify {unknown}
 m - a scroll of blinking {unknown}
Potions
 b - a potion of magic
 c - 2 potions of haste
 o - a potion of curing {unknown}


   Skills:
 - Level 2.4 Dodging
 - Level 2.4 Stealth
 - Level 3.0 Spellcasting
 + Level 4.2 Conjurations
 + Level 4.1 Fire Magic


You had 6 spell levels left.
You knew the following spells:

 Your Spells              Type           Power      Damage    Failure   Level
a - Foxfire               Conj/Fire      84%        2x1d8     2%          1
b - Scorch                Fire           42%        2d7       3%          2

Your spell library contained the following spells:

 Spells                   Type           Power      Damage    Failure   Level
 Inner Flame              Hex/Fire       12%        N/A       16%         3
 Kindle Blastsparks       Fire/Tloc/Air  18%        2d11      22%         3
 Flame Wave               Conj/Fire      21%        2d8       22%         4


Dungeon Overview and Level Annotations

Branches:
Dungeon (3/15)

Altars:

Shops:
D:2 =:[[

Annotations:
D:3 Robin


Innate Abilities, Weirdness & Mutations

You have large cloven feet.
You occasionally lose the ability to drink potions when taking damage.
You have hidden genetic defects.


Message History

Robin hits you with a +2 short sword of venom.
You are poisoned.
You feel sick.
Robin is no longer more vulnerable to fire.
Robin hits you with a +2 short sword of venom.
You are lethally poisoned!
You feel very sick.
Robin roars a battlecry!
You feel very sick. Robin throws the goblin at you!
The goblin barely misses you.
Things that are here:
a +0 dagger; a goblin corpse
* * * LOW HITPOINT WARNING * * *
You feel sick. The goblin completely misses you.
* * * LOW HITPOINT WARNING * * *
You feel sick.
Things that are here:
a +0 short sword; 3 stones It was a potion of haste.
You feel yourself speed up.
* * * LOW HITPOINT WARNING * * *
You feel sick. The goblin hits you but does no damage.
It was a potion of might.
You feel very mighty all of a sudden.
* * * LOW HITPOINT WARNING * * *
You feel sick.
Your magical contamination has completely faded away.
Okay, then.
It was a potion of mutation.
You feel extremely strange.
You occasionally lose the ability to drink potions when taking damage.
You feel a hidden malignance growing inside you.
Your feet thicken and deform.
* * * LOW HITPOINT WARNING * * *
You feel sick.
The goblin no longer looks unusually strong.
A goblin comes into view. It is wielding a +0 club.
A goblin comes into view. It is wielding a +0 dagger.
Robin roars a battlecry!
The goblins go into a battle-frenzy!
The goblin hits you with a +0 dagger.
You die...

..#.# ####.##### ..#.#
#.....# ###)#### #####.##
.......# #..### ##.....#
##...# #.....###########÷#
#.................#
####..............##
#..........)@...####
#.....######g...#..
#....##.......g.#.#
#...###.##.....g#.##
##.##)###..........##
##....†##.......##g..#
##.######.#......##.gg#
#........##......##.#....#
###################g###)...


You could see Robin, a hobgoblin (strong) and 4 goblins.

Vanquished Creatures
  5 adders
  A worm (D:2)
  A dart slug (D:2)
  3 orcs (D:3)
  8 endoplasms
  6 giant cockroaches
  7 goblins
  4 hobgoblins
  2 quokkas
  2 ball pythons (D:1)
  2 bats
  2 frilled lizards (D:2)
  4 kobolds
  2 rats
49 creatures vanquished.

Vanquished Creatures (others)
  160 foxfires
160 creatures vanquished.

Grand Total: 209 creatures vanquished

Notes
Turn   | Place    | Note
-------+----------+-------------------------------------------
     0 | D:1      | lampshaded the Deep Elf Fire Elementalist began the quest
                  | for the Orb.
     0 | D:1      | Reached XP level 1. HP: 10/10 MP: 6/6
   266 | D:1      | Reached XP level 2. HP: 15/15 MP: 4/8
   306 | D:1      | Learned a level 2 spell: Scorch
  1036 | D:2      | Found Munt's Jewellery Emporium.
  1042 | D:2      | Found Avvugis's Book Shoppe.
  1076 | D:2      | Reached XP level 3. HP: 19/19 MP: 5/9
  1219 | D:2      | Found Nepuc's Antique Armour Shop.
  1491 | D:2      | Found Jiceq's Antique Armour Shop.
  1866 | D:3      | Reached XP level 4. HP: 22/24 MP: 6/10
  2139 | D:3      | Noticed Robin
  2215 | D:3      | Gained mutation: You occasionally lose the ability to drink
                  | potions when taking damage. [potion of mutation]
  2215 | D:3      | Gained mutation: You have hidden genetic defects. [potion
                  | of mutation]
  2215 | D:3      | Gained mutation: You have large cloven feet. [potion of
                  | mutation]
  2215 | D:3      | Slain by a goblin

Illustrated notes

Levels and vault maps discovered:
D:1:      dpeg_arrival_prison, layout_loops_cross, serial_glass,
          glass_columns_a, glass_columns_a
D:2:      layout_basic, serial_shops, nicolae_shop_stone, shop, shop, shop,
          grunt_decor_mini_mirrors, nicolae_elevator_lobby_plus
D:3:      layout_basic, shapermc_ecumenical_altar_venn, minmay_cut_off,
          uniq_natasha, uniq_robin

Skill      XL: |  1  2  3  4 |
---------------+-------------+-----
Conjurations   | 2 3 4 |  4.2
Fire Magic     | 4 |  4.1
Dodging        | |  2.4
Stealth        | |  2.4
Spellcasting   | |  3.0

Action                   |  1- 3 |  4- 6 || total
-------------------------+-------+-------++-------
 Cast: Foxfire           |    65 |    24 ||    89
       Scorch            |     1 |     3 ||     4
  Use: Potion            |       |     3 ||     3
Armor: Robe              |     1 |     4 ||     5
Dodge: Dodged            |    18 |     5 ||    23
